 Dungeon Crawl Stone Soup version 0.19.1 (webtiles) character file.

734 HeyBub the Poker (level 7, -1/59 HPs)
             Began as a Minotaur Gladiator on Dec 19, 2016.
             Was an Initiate of Elyvilon.
             Slain by an orc warrior
             ... wielding a +0 dire flail of crushing
              (14 damage)
             ... on level 5 of the Dungeon.
             The game lasted 00:09:09 (3775 turns).

HeyBub the Poker (Minotaur Gladiator)               Turns: 3775, Time: 00:09:10

Health: -1/59      AC:  9    Str: 20    XL:     7   Next: 45%
Magic:  6/6        EV:  9    Int:  5    God:    Elyvilon [......]
Gold:   331        SH:  2    Dex: 12    Spells: 0 memorised, 6 levels left

rFire  . . .     SeeInvis .     m - +0 scythe
rCold  . . .     Gourm    .     r - +0 chain mail
rNeg   + . .     Faith    .     (shield currently unavailable)
rPois  .         Spirit   .     c - +0 hat
rElec  .         Reflect  +     (no cloak)
rCorr  .         Harm     .     (no gloves)
MR     .....                    (no boots)
Stlth  ..........               A - +2 amulet of reflection
                                l - ring of stealth
                                k - ring of positive energy

@: no status effects
A: retaliatory headbutt, horns 2
a: Renounce Religion


You were on level 5 of the Dungeon.
You worshipped Elyvilon.
Elyvilon was noncommittal.
You were hungry.

You visited 1 branch of the dungeon, and saw 5 of its levels.

You collected 331 gold pieces.

Inventory:

Hand Weapons
 m - a +0 scythe (weapon)
Missiles
 v - an exploding tomahawk (quivered)
Armour
 c - a +0 hat (worn)
 r - a +0 chain mail (worn)
Jewellery
 k - a ring of positive energy (left hand)
 l - a ring of stealth (right hand)
 A - a +2 amulet of reflection (around neck)
Wands
 o - a wand of flame (30/48)
 F - a wand of confusion (30/48)
Scrolls
 a - 5 scrolls of remove curse {unknown}
 d - 2 scrolls of magic mapping {unknown}
 f - 2 scrolls of enchant weapon {unknown}
 h - 4 scrolls of identify {unknown}
 i - 4 scrolls of amnesia {unknown}
 p - a scroll of fog {unknown}
 q - 2 scrolls of fear {unknown}
 u - a scroll of teleportation {unknown}
 w - a scroll of enchant armour {unknown}
 y - 2 scrolls of blinking {unknown}
 C - 2 scrolls of random uselessness {unknown}
Potions
 e - 2 potions of heal wounds {unknown}
 n - a potion of haste {unknown}
 t - a potion of flight {unknown}
 z - 3 potions of agility {unknown}
 B - 2 potions of invisibility {unknown}
 D - a potion of brilliance {unknown}
 E - a potion of resistance {unknown}
 G - a potion of berserk rage {unknown}
 H - a potion of lignification {unknown}
Books
 b - a book of Cantrips

   Spells                             Type                      Level
   a - Confusing Touch                Hexes                        1
   b - Animate Skeleton               Necromancy                   1
   c - Summon Small Mammal            Summoning                    1
   d - Apportation                    Translocation                1
Comestibles
 g - 3 meat rations
 s - a bread ration
 x - a slice of pizza


   Skills:
 + Level 4.2 Fighting
 + Level 7.8 Polearms
 + Level 2.2 Throwing
 + Level 4.6 Armour
 + Level 4.5 Dodging
 + Level 0.1 Stealth


You had 6 spell levels left.
You didn't know any spells.

Dungeon Overview and Level Annotations

Branches:
Dungeon (5/15)
 Temple: D:4-7

Altars:
Ashenzari
Cheibriados
Dithmenos
Elyvilon
Fedhas
Kikubaaqudgha
Nemelex Xobeh


Innate Abilities, Weirdness & Mutations

You reflexively headbutt those who attack you in melee.
You have a pair of horns on your head.


Message History

The orc warrior is heavily wounded.
The orc warrior hits you with a dire flail of crushing!
* * * LOW HITPOINT WARNING * * *
x2
Okay, then.
You feel better.
The orc warrior hits you with a dire flail of crushing!
* * * LOW HITPOINT WARNING * * *
x2 You feel better.
The orc warrior hits you with a dire flail of crushing.
* * * LOW HITPOINT WARNING * * *
x2 An orc comes into view. It is wielding a short sword.
You barely miss the orc warrior.
The orc warrior is heavily wounded.
The orc shouts!
The orc priest looks encouraged for a moment.
The orc warrior barely misses you.
You hit the orc warrior. Your headbutt misses the orc warrior.
The orc warrior is severely wounded.
The orc warrior hits you with a dire flail of crushing!
You die...

..≈≈≈≈≈..##..#...........##.#####
...≈≈≈...##..##'#.#########.# #
♣.......##....#.#......#.<..# #
♣♣.....## ...#.###.##.##########
♣♣##### ....##.#............
#.#.##..##.#..##########
#......o##.....###..<#..
###.###o##...#.....#....
#@###.##.###.#.#.#
#.o..........#.#..
############.#.### ........#.###
#########.... #####


You could see an orc warrior, an orc priest and an orc.

Vanquished Creatures
  Sigmund (D:2)
  A centaur (D:5)
  2 scorpions
  A jelly (D:5)
  A bullfrog skeleton (D:5)
  3 orc wizards (D:4)
  Ijyb (D:2)
  3 worker ants
  4 adders
  A shadow imp (D:5)
  3 oozes
  A worm (D:3)
  2 dart slugs
  3 leopard geckos
  9 orcs
  2 ball pythons
  6 giant cockroaches
  12 goblins
  9 hobgoblins
  6 kobolds
  2 quokkas (D:3)
  11 bats
  5 frilled lizards
  A jackal skeleton (D:4)
  9 rats
99 creatures vanquished.

Notes
Turn   | Place    | Note
-------+----------+-------------------------------------------
     0 | D:1      | HeyBub the Minotaur Gladiator began the quest for the Orb.
     0 | D:1      | Reached XP level 1. HP: 18/18 MP: 0/0
    98 | D:1      | Reached XP level 2. HP: 22/25 MP: 1/1
   141 | D:1      | Reached skill level 4 in Polearms
   387 | D:1      | Reached XP level 3. HP: 15/30 MP: 2/2
   880 | D:2      | Noticed Ijyb
   883 | D:2      | Noticed Sigmund
   898 | D:2      | Killed Sigmund
   898 | D:2      | Reached skill level 5 in Polearms
   898 | D:2      | Reached XP level 4. HP: 23/38 MP: 3/3
   898 | D:2      | Reached XP level 5. HP: 27/45 MP: 4/4
   908 | D:2      | Killed Ijyb
  1588 | D:3      | Reached skill level 6 in Polearms
  1588 | D:3      | Reached XP level 6. HP: 47/51 MP: 5/5
  2682 | D:4      | Found an ancient bone altar of Kikubaaqudgha.
  2934 | D:4      | Reached skill level 7 in Polearms
  3000 | D:4      | Reached XP level 7. HP: 51/58 MP: 6/6
  3100 | D:5      | Entered Level 5 of the Dungeon
  3265 | D:5      | Found a white marble altar of Elyvilon.
  3279 | D:5      | Became a worshipper of Elyvilon the Healer
  3305 | D:5      | Found a shattered altar of Ashenzari.
  3365 | D:5      | Found a blossoming altar of Fedhas.
  3588 | D:5      | Found a snail-covered altar of Cheibriados.
  3629 | D:5      | Found a sparkling altar of Nemelex Xobeh.
  3633 | D:5      | Found a shadowy altar of Dithmenos.
  3775 | D:5      | Slain by an orc warrior

Skill      XL: |  1  2  3  4  5  6  7 |
---------------+----------------------+-----
Polearms       | 4 5 6 7 |  7.8
Fighting       | 3 4 |  4.2
Armour         | 2 4 |  4.6
Dodging        | 4 |  4.5
Throwing       | |  2.2
Stealth        | |  0.1

Action                   |  1- 3 |  4- 6 |  7- 9 || total
-------------------------+-------+-------+-------++-------
Melee: Trident           |    59 |     8 |       ||    67
       Headbutt          |     9 |    28 |     3 ||    40
       Scythe            |       |   124 |    33 ||   157
Throw: Throwing net      |     2 |     4 |     1 ||     7
       Tomahawk          |       |       |     1 ||     1
  Use: Potion            |       |       |     2 ||     2
 Stab: Held in net/web   |       |     1 |       ||     1
  Eat: Bread ration      |       |     2 |       ||     2
Armor: Leather armour    |    18 |     2 |       ||    20
       Ring mail         |       |    28 |       ||    28
       Chain mail        |       |    56 |    13 ||    69
Dodge: Dodged            |    38 |   101 |    22 ||   161
Block: Other             |       |       |     5 ||     5
